 Dungeon Crawl Stone Soup version 0.31-a0-1321-g5021b54cb2 (webtiles) character file.

Game seed: 8640972125977508844

499 Curundu the Slasher (level 6, 0/56 HPs)
             Began as a Minotaur Berserker on Dec 20, 2023.
             Was a Believer of Trog.
             Slain by a steam dragon (2 damage)
             ... on level 4 of the Dungeon.
             The game lasted 00:10:49 (3417 turns).

Curundu the Slasher (Minotaur Berserker)            Turns: 3417, Time: 00:10:49

Health: 0/56       AC:  8    Str: 24    XL:     6   Next: 94%
Magic:  5/5        EV: 11    Int:  4    God:    Trog [**....]
Gold:   179        SH:  0    Dex:  9    Spells: 5/5 levels left

rFire   . . .        r - +1 dagger (elec)
rCold   . . .        (no shield)
rNeg    . . .        g - +0 ring mail
rPois   .            (helmet restricted)
rElec   .            u - +0 cloak
rCorr   +            (no gloves)
SInv    .            p - +0 pair of boots
Will    .....        (no amulet) Stlth
                     f - ring of resist corrosion
HPRegen 0.29/turn    (no ring)
MPRegen 0.09/turn

%: no passive effects
@: no status effects
A: horns 2, retaliatory headbutt
a: Renounce Religion, Berserk, Trog's Hand


You were on level 4 of the Dungeon.
You worshipped Trog.
Trog was pleased with you.
You visited 1 branch of the dungeon, and saw 4 of its levels.

You collected 179 gold pieces.

Inventory:

Hand Weapons
 a - a +0 falchion
 r - a +1 dagger of electrocution (weapon)
Missiles
 h - 4 javelins (quivered)
 m - 4 poisoned darts
Armour
 g - a +0 ring mail (worn)
 p - a +0 pair of boots (worn)
 u - a +0 cloak (worn)
Jewellery
 f - a ring of resist corrosion (left hand)
Wands
 n - a wand of roots (9)
Scrolls
 c - 2 scrolls of enchant weapon {unknown}
 d - 4 scrolls of identify {unknown}
 e - a scroll of amnesia {unknown}
 i - a scroll of vulnerability {unknown}
 j - 2 scrolls of immolation {unknown}
 k - a scroll of silence {unknown}
 s - a scroll of teleportation {unknown}
 t - a scroll of poison {unknown}
 v - a scroll of blinking {unknown}
 x - a scroll of enchant armour {unknown}
Potions
 b - a potion of mutation {unknown}
 l - a potion of degeneration {unknown}
 o - a potion of might {unknown}
 q - a potion of curing {unknown}
 w - a potion of invisibility {unknown}


   Skills:
 + Level 5.2 Fighting
 + Level 1.6(3.7) Short Blades
 + Level 5.7(5.9) Long Blades
 + Level 1.3 Throwing
 + Level 5.1 Armour
 + Level 3.6 Dodging
 + Level 0.1 Stealth


You had 5 spell levels left.
You didn't know any spells.
Your spell library contained the following spells:

 Spells                   Type           Power      Damage    Failure   Level
 Apportation              Tloc           0%         N/A       65%         1
 Sandblast                Erth           0%         2d4       65%         1
 Shock                    Conj/Air       0%         1d3       65%         1
 Jinxbite                 Hex            0%         N/A       78%         2
 Passwall                 Alch/Erth      0%         N/A       78%         2
 Dazzling Flash           Conj/Hex       0%         N/A       95%         3
 Mephitic Cloud           Conj/Alch/Air  0%         N/A       95%         3
 Stone Arrow              Conj/Erth      0%         3d7       95%         3
 Swiftness                Air            0%         N/A       95%         3
 Airstrike                Air            0%         2d(0-16)  100%        4
 Brom's Barrelling Bould  Conj/Erth      0%         2d3       100%        4
 Agony                    Necr           0%         N/A       100%        5
 Alistair's Intoxication  Alch           0%         N/A       100%        5
 Silence                  Hex/Air        0%         N/A       100%        5


Dungeon Overview and Level Annotations

Branches:
Dungeon (4/15)
 Temple: D:4-7

Altars:


Innate Abilities, Weirdness & Mutations

You have a pair of horns on your head.
You reflexively headbutt those who attack you in melee.


Message History

You are engulfed in a cloud of scalding steam.
The steam dragon bites you but does no damage.
The steam dragon misses you.
You see here a ball python corpse.
The steam dragon breathes steam at you. The ball of steam hits you!
An ogre comes into view. It is wielding a +0 giant spiked club.
You hit the steam dragon.
The steam dragon is lightly wounded.
You are engulfed in a cloud of scalding steam.
The steam dragon bites you! The steam dragon closely misses you.
You hit the steam dragon. You punch the steam dragon.
The steam dragon is moderately wounded.
You are engulfed in a cloud of scalding steam.
The steam dragon bites you. The steam dragon claws you.
* * * LOW HITPOINT WARNING * * *
You barely miss the steam dragon.
You headbutt the steam dragon, but do no damage.
The steam dragon is moderately wounded.
You are engulfed in a cloud of scalding steam.
* * * LOW HITPOINT WARNING * * *
You hit the steam dragon but do no damage.
The steam dragon is moderately wounded.
The steam dragon barely misses you. The steam dragon closely misses you.
You hit the steam dragon. You headbutt the steam dragon!
The steam dragon is heavily wounded.
The steam dragon bites you!
* * * LOW HITPOINT WARNING * * *
The steam dragon claws you but does no damage.
You hit the steam dragon but do no damage.
Your headbutt misses the steam dragon.
The steam dragon is heavily wounded.
The steam dragon bites you.
* * * LOW HITPOINT WARNING * * *
The steam dragon claws you.
* * * LOW HITPOINT WARNING * * *
You completely miss the steam dragon.
The steam dragon is heavily wounded.
The steam dragon misses you. The steam dragon claws you.
You die...

#...# #.......#
#...#####.......##
#...##..........#
#.....#........#
##.####........#
######.##
#.........
##...#.##
#......###
#....D.## #......#
# #....@†.#
#.....## #
#.........#
#######
#.....O....#
#...........#
#...........#
#...........#
...........##
...........#


You could see a steam dragon and an ogre.

Vanquished Creatures
  Sigmund (D:3)
  A black bear (D:4)
  Pargi (D:3)
  A hound (D:4)
  An iguana (D:4)
  4 adders
  A worm (D:2)
  A dart slug (D:1)
  9 ball pythons
  4 endoplasms
  3 giant cockroaches
  4 goblins
  2 hobgoblins
  7 jackals
  2 quokkas (D:4)
  6 bats
  A frilled lizard (D:1)
  4 kobolds
  3 rats
56 creatures vanquished.

Notes
Turn   | Place    | Note
-------+----------+-------------------------------------------
     0 | D:1      | Curundu the Minotaur Berserker began the quest for the Orb.
     0 | D:1      | Reached XP level 1. HP: 19/19 MP: 0/0
   212 | D:1      | Reached XP level 2. HP: 27/27 MP: 1/1
   916 | D:2      | Reached XP level 3. HP: 33/33 MP: 2/2
  1041 | D:2      | Reached ** piety under Trog
  1405 | D:3      | Noticed Pargi
  1421 | D:3      | Killed Pargi
  1422 | D:3      | Reached skill level 5 in Long Blades
  1422 | D:3      | Reached XP level 4. HP: 11/41 MP: 3/3
  1422 | D:3      | Reached XP level 5. HP: 13/47 MP: 4/4
  1727 | D:3      | Noticed Sigmund
  1744 | D:3      | Killed Sigmund
  1745 | D:3      | Reached skill level 1 in Throwing
  1745 | D:3      | Reached XP level 6. HP: 40/55 MP: 5/5
  1874 | D:3      | Identified the +0 chain mail of the Cobbler {Int-4 Dex+5}
  1886 | D:3      | Lost intelligence.
  1904 | D:3      | Reached skill level 5 in Fighting
  2899 | D:4      | Reached skill level 1 in Short Blades
  3109 | D:4      | Reached skill level 5 in Armour
  3403 | D:4      | Noticed a steam dragon
  3416 | D:4      | HP: 2/56 [steam dragon (1)]
  3417 | D:4      | Slain by a steam dragon

Illustrated notes

Levels and vault maps discovered:
D:1:      dpeg_arrival_shelter, layout_rooms, serial_glass, glass_columns_c,
          glass_columns_b, glass_columns_a, glass_columns_a, glass_columns_a,
          glass_columns_b, glass_columns_b, glass_columns_a, glass_columns_b,
          glass_columns_a, corexii_leaking_fountain, minivault_14,
          wad_floor_pattern_untrapped, skrybe_limestone_x,
          minmay_misc_feat_square
D:2:      layout_loops_ring
D:3:      layout_basic, serial_bayou, serial_bayou_crossing,
          serial_bayou_pond_c, serial_bayou_shore_b, serial_bayou_lake_a,
          nicolae_concentric_dashed_squares_mild, uniq_sigmund, uniq_pargi
D:4:      layout_cave_pods

Skill      XL: |  1  2  3  4  5  6 |
---------------+-------------------+-----
Long Blades    | 4 5 |  5.7
Fighting       | 4 5 |  5.2
Armour         | 3 4 5 |  5.1
Dodging        | 3 |  3.6
Throwing       | 1 |  1.3
Short Blades   | 1 |  1.6
Stealth        | |  0.1

Action                     |  1- 3 |  4- 6 || total
---------------------------+-------+-------++-------
  Melee: Falchion          |    91 |     1 ||    92
         Headbutt          |    10 |    10 ||    20
         Dagger            |       |    70 ||    70
         Punch             |       |     1 ||     1
  Throw: Javelin           |     9 |       ||     9
 Armour: Animal skin       |    21 |       ||    21
         Ring mail         |    58 |    37 ||    95
         Skin              |     5 |     1 ||     6
         Chain mail        |       |    37 ||    37
  Dodge: Dodged            |    79 |    42 ||   121

Table legend: (Time is in decaauts)
 A = Elapsed time spent in this place.
 B = Non-inter-level travel time spent in this place.
 C = Inter-level travel time spent in this place.
 D = Time resting spent in this place.
 E = Time spent auto-exploring this place.
 F = Levels seen in this place.
 G = Mean time per level.
                   A        B        C        D        E       F      G
               +--------+--------+--------+--------+--------+-----+--------+
         Total |   4050 |   4047 |      3 |    147 |   3167 |   4 | 1012.5 |
       Dungeon |   4050 |   4047 |      3 |    147 |   3167 |   4 | 1012.5 |
               +--------+--------+--------+--------+--------+-----+--------+

Top non-repeatable levels by time:
     D:3: 1977 daAuts
     D:2: 766 daAuts
     D:4: 658 daAuts
     D:1: 648 daAuts
